Wild vs Predators

Created - Tuesday, March 17, 2015 at 23:36

Goals
1 2 3 T
Wild 1 0 0 1
Predators 2 1 0 3
Shots
1 2 3 T
Wild 7 12 8 27
Predators 12 6 10 28

1st period

1. Predators , Evander Kane 27 (Tomas Plekanec, Roman Josi) at 7:12
2. Predators , Evander Kane 28 (Patrice Bergeron) at 16:42 (PP)
3. Wild , Thomas Vanek 48 (Jordan Eberle, Marek Zidlicky) at 17:28

Penalties :
Cal Clutterbuck (Nsh) for Tripping (Minor) at 1:43, Evander Kane (Nsh) for Holding (Minor) at 7:40, Chris Neil (Min) for Roughing (Minor) at 10:25, Bryce Salvador (Min) for Roughing (Minor) at 15:42

2nd period

4. Predators , Andrew Cogliano 11 (Patrice Bergeron, Evander Kane) at 15:20 (PP)

Penalties :
Nick Schultz (Nsh) for Tripping (Minor) at 1:41, Trevor Daley (Nsh) for Slashing (Minor) at 10:18, Bryce Salvador (Min) for Tripping (Minor) at 15:05

3rd period

No Goal

Penalties :
Chris Neil (Min) for Charging (Minor) at 16:58

Goalie Stats

Antti Niemi (Min), 25 saves from 28 shots - (0.893), L, 37-13-5, 60:00 minutes
Chad Johnson (Nsh), 26 saves from 27 shots - (0.963), W, 12-9-1, 60:00 minutes

Players Stats for Wild

Player Name              G  A  P  +/- PIM S  H  SB GA TA FO     MP     PP MP  PK MP  
------------------------------------------------------------------------------------
Alexandre Burrows        0  0  0   0  0   0  1  1  1  0  3/13   13:55   0:00   1:32 
Brad Marchand            0  0  0  -1  0   1  1  0  1  0  1/2    16:08   3:37   1:06 
Bryce Salvador           0  0  0   0  4   0  3  2  0  2  0/0    23:19   4:09   1:27 
Chris Neil               0  0  0   0  4   1  1  2  0  0  0/1     9:10   0:00   0:00 
Chris Summers            0  0  0   0  0   0  0  1  0  3  0/0    14:41   0:00   3:46 
Cody Franson             0  0  0   0  0   0  4  1  1  2  0/0    23:30   3:47   1:27 
Dan Boyle                0  0  0   0  0   2  0  2  0  1  0/0    19:46   3:47   0:00 
Daniel Alfredsson        0  0  0   0  0   7  1  0  3  1  0/0    16:36   3:37   0:00 
Derek Stepan             0  0  0   1  0   2  2  0  1  1  7/15   18:25   4:19   0:00 
Drew Miller              0  0  0   0  0   0  1  1  0  0  0/0    12:49   0:00   3:53 
Jason Chimera            0  0  0   0  0   3  1  0  0  0  0/1    12:23   0:00   0:00 
Jerred Smithson          0  0  0   0  0   0  0  0  1  1  1/2     9:20   0:00   0:24 
Jordan Eberle            0  1  1   1  0   3  0  1  1  1  1/3    19:06   4:19   0:00 
Marek Zidlicky           0  1  1   1  0   0  1  0  1  1  0/0    19:18   4:09   0:00 
Maxime Talbot            0  0  0  -1  0   0  0  3  2  0  1/15   17:52   3:37   3:31 
Shane O'Brien            0  0  0  -1  0   0  1  1  0  0  0/0    19:22   0:00   3:46 
Thomas Vanek             1  0  1   1  0   7  1  0  0  1  0/1    19:06   4:19   0:00 
Tuomo Ruutu              0  0  0  -1  0   1  1  0  0  0  0/0     9:52   0:00   0:00 

Players Stats for Predators

Player Name              G  A  P  +/- PIM S  H  SB GA TA FO     MP     PP MP  PK MP  
------------------------------------------------------------------------------------
Andrew Cogliano          1  0  1   1  0   1  2  0  3  0  0/0    18:44   2:43   3:55 
Antoine Vermette         0  0  0   0  0   3  0  1  3  0  14/19  20:34   2:09   3:55 
Brian Lashoff            0  0  0  -1  0   2  2  0  0  0  0/0    17:48   0:00   2:14 
Cal Clutterbuck          0  0  0   0  2   0  0  1  0  0  1/3    16:01   0:00   2:57 
Cody Eakin               0  0  0  -1  0   0  0  0  3  0  7/7    10:04   0:00   0:00 
Dennis Seidenberg        0  0  0  -1  0   0  1  1  0  2  0/0    22:43   1:14   4:59 
Eric Fehr                0  0  0  -1  0   0  0  1  0  0  0/0    10:04   0:00   0:00 
Evander Kane             2  1  3   1  2   3  1  0  1  0  0/0    15:09   2:43   1:04 
Nick Schultz             0  0  0   1  2   1  0  2  0  1  0/0    18:41   1:14   3:54 
Pascal Dupuis            0  0  0   0  0   0  1  0  0  1  0/0    14:19   2:30   0:00 
Patrice Bergeron         0  2  2   0  0   2  1  0  3  0  7/9    14:15   2:43   0:00 
Patrick Maroon           0  0  0  -1  0   1  4  0  2  0  0/0    10:04   0:00   0:00 
Roman Josi               0  1  1   1  0   3  1  4  0  1  0/0    25:12   3:59   2:57 
Tomas Hertl              0  0  0   0  0   3  2  0  4  0  0/0    13:16   0:21   0:00 
Tomas Plekanec           0  1  1   1  0   1  0  0  0  0  10/15  14:41   0:00   4:01 
Trevor Daley             0  0  0   0  2   2  0  1  0  0  0/0    23:49   3:59   1:48 
Valtteri Filppula        0  0  0   0  0   5  1  0  3  0  0/0    14:19   2:30   0:00 
Victor Bartley           0  0  0   0  0   1  1  0  0  0  0/0    12:12   0:00   0:00 

3 Stars

1 - Evander Kane (Nsh)
2 - Chad Johnson (Nsh)
3 - Andrew Cogliano (Nsh)

Power Play

Wild - 0 on 4 Attempt(s) - 0.00%
Predators - 2 on 4 Attempt(s) - 50.00%

Penalty Kill

Wild - 2 on 4 Attempt(s) - 50.00% - Score 0 goal in Penalty Kill
Predators - 4 on 4 Attempt(s) - 100.00% - Score 0 goal in Penalty Kill

Team Stat

Wild - Hits : 19 - Faceoff Wins : 14 - Blocked Shots : 15 - Penalty Minutes : 8
Predators - Hits : 17 - Faceoff Wins : 39 - Blocked Shots : 11 - Penalty Minutes : 8

Official

Referees : Unknown
Linesman : Unknown

Game Notes

Derek Stepan is injured at 19:11 of 3rd period (Left Hip)

Finance

Level 1 -- Attendance: 5629 (93.82%) -- Ticket Income $489,723
Level 2 -- Attendance: 5000 (100.00%) -- Ticket Income $265,000
Level 3 -- Attendance: 1938 (96.90%) -- Ticket Income $60,078
Level 4 -- Attendance: 3911 (97.78%) -- Ticket Income $70,398
Luxury Box -- Attendance: 1000 (100.00%) -- Ticket Income $180,000
Game was played at the Gaylord Entertainment Center'
Total Attendance: 17478 (97.10%)
Total Ticket Income: $1,065,199
Other Income: $521,948
Total Income: $1,587,147

Wild

5 vs 5 Forward 
   Center                   Left Wing                Right Wing               Time % Phy DF OF 
 1 Derek Stepan             Thomas Vanek             Jordan Eberle            35     1   2  2  
 2 Alexandre Burrows        Jason Chimera            Daniel Alfredsson        30     1   2  2  
 3 Maxime Talbot            Brad Marchand            Tuomo Ruutu              22     1   2  2  
 4 Jerred Smithson          Drew Miller              Chris Neil               13     1   2  2  

5 vs 5 Defense 
   Defense                  Defense                                           Time % Phy DF OF 
 1 Bryce Salvador           Dan Boyle                                         35     1   2  2  
 2 Cody Franson             Marek Zidlicky                                    30     1   2  2  
 3 Chris Summers            Shane O'Brien                                     22     1   2  2  
 4 Cody Franson             Shane O'Brien                                     13     1   2  2  

PowerPlay Forward 
   Center                   Left Wing                Right Wing               Time % Phy DF OF 
 1 Derek Stepan             Thomas Vanek             Jordan Eberle            60     1   2  2  
 2 Maxime Talbot            Brad Marchand            Daniel Alfredsson        40     1   2  2  

PowerPlay Defense
   Defense                  Defense                                           Time % Phy DF OF 
 1 Marek Zidlicky           Bryce Salvador                                    60     1   2  2  
 2 Dan Boyle                Cody Franson                                      40     1   2  2  

Penalty Kill 4 Players Forward 
   Center                   Wing                     Time % Phy DF OF 
 1 Maxime Talbot            Drew Miller              60     1   2  2  
 2 Jerred Smithson          Alexandre Burrows        40     1   2  2  

Penalty Kill 4 Players Defense
   Defense                  Defense                  Time % Phy DF OF 
 1 Shane O'Brien            Chris Summers            60     1   2  2  
 2 Bryce Salvador           Cody Franson             40     1   2  2  

Penalty Kill - 3 Players Forward 
   Forward                                           Time % Phy DF OF 
 1 Drew Miller                                       60     1   2  2  
 2 Maxime Talbot                                     40     1   2  2  

Penalty Kill - 3 Players Defense
   Defense                  Defense                  Time % Phy DF OF 
 1 Shane O'Brien            Chris Summers            60     1   2  2  
 2 Bryce Salvador           Cody Franson             40     1   2  2  

4 vs 4 Forward 
   Center                   Wing                     Time % Phy DF OF 
 1 Alexandre Burrows        Jason Chimera            60     1   2  2  
 2 Maxime Talbot            Tuomo Ruutu              40     1   2  2  

4 vs 4 Defense
   Defense                  Defense                  Time % Phy DF OF 
 1 Cody Franson             Shane O'Brien            60     1   2  2  
 2 Dan Boyle                Chris Summers            40     1   2  2  

Last Minutes Offensive
   Center                   Left Wing                Right Wing               Defense                  Defense                  
   Derek Stepan             Thomas Vanek             Jordan Eberle            Bryce Salvador           Dan Boyle                

Last Minutes Defensive
   Center                   Left Wing                Right Wing               Defense                  Defense                  
   Jerred Smithson          Drew Miller              Maxime Talbot            Shane O'Brien            Chris Summers            

Goaltenders
Starting : Antti Niemi              
Backup : Niklas Backstrom         

Extra Forwards
Normal : Brad Marchand, Thomas Vanek, Daniel Alfredsson - PP : Jason Chimera, Alexandre Burrows - PK : Brad Marchand
Extra Defensemen
Normal : Shane O'Brien, Dan Boyle, Cody Franson - PP : Shane O'Brien - PK : Marek Zidlicky, Dan Boyle
Penalty Shots
Jordan Eberle, Tuomo Ruutu, Alexandre Burrows, Thomas Vanek, Daniel Alfredsson

Predators

5 vs 5 Forward 
   Center                   Left Wing                Right Wing               Time % Phy DF OF 
 1 Patrice Bergeron         Valtteri Filppula        Pascal Dupuis            28     0   1  4  
 2 Tomas Plekanec           Evander Kane             Andrew Cogliano          28     0   1  4  
 3 Antoine Vermette         Tomas Hertl              Cal Clutterbuck          28     1   1  3  
 4 Cody Eakin               Patrick Maroon           Eric Fehr                16     5   0  0  

5 vs 5 Defense 
   Defense                  Defense                                           Time % Phy DF OF 
 1 Roman Josi               Nick Schultz                                      28     1   3  1  
 2 Dennis Seidenberg        Brian Lashoff                                     28     1   3  1  
 3 Trevor Daley             Victor Bartley                                    28     1   3  1  
 4 Roman Josi               Trevor Daley                                      16     1   3  1  

PowerPlay Forward 
   Center                   Left Wing                Right Wing               Time % Phy DF OF 
 1 Antoine Vermette         Valtteri Filppula        Pascal Dupuis            50     0   0  5  
 2 Patrice Bergeron         Evander Kane             Andrew Cogliano          50     0   0  5  

PowerPlay Defense
   Defense                  Defense                                           Time % Phy DF OF 
 1 Roman Josi               Trevor Daley                                      70     0   1  4  
 2 Dennis Seidenberg        Nick Schultz                                      30     0   1  4  

Penalty Kill 4 Players Forward 
   Center                   Wing                     Time % Phy DF OF 
 1 Tomas Plekanec           Cal Clutterbuck          50     0   4  1  
 2 Antoine Vermette         Andrew Cogliano          50     0   4  1  

Penalty Kill 4 Players Defense
   Defense                  Defense                  Time % Phy DF OF 
 1 Roman Josi               Trevor Daley             50     1   4  0  
 2 Dennis Seidenberg        Nick Schultz             50     1   4  0  

Penalty Kill - 3 Players Forward 
   Forward                                           Time % Phy DF OF 
 1 Tomas Plekanec                                    50     0   5  0  
 2 Cal Clutterbuck                                   50     0   5  0  

Penalty Kill - 3 Players Defense
   Defense                  Defense                  Time % Phy DF OF 
 1 Roman Josi               Trevor Daley             50     0   5  0  
 2 Dennis Seidenberg        Nick Schultz             50     0   5  0  

4 vs 4 Forward 
   Center                   Wing                     Time % Phy DF OF 
 1 Patrice Bergeron         Tomas Hertl              50     1   1  3  
 2 Andrew Cogliano          Evander Kane             50     1   1  3  

4 vs 4 Defense
   Defense                  Defense                  Time % Phy DF OF 
 1 Roman Josi               Trevor Daley             50     1   2  2  
 2 Dennis Seidenberg        Nick Schultz             50     1   3  1  

Last Minutes Offensive
   Center                   Left Wing                Right Wing               Defense                  Defense                  
   Patrice Bergeron         Valtteri Filppula        Pascal Dupuis            Roman Josi               Trevor Daley             

Last Minutes Defensive
   Center                   Left Wing                Right Wing               Defense                  Defense                  
   Antoine Vermette         Evander Kane             Pascal Dupuis            Roman Josi               Dennis Seidenberg        

Goaltenders
Starting : Chad Johnson             
Backup : Kari Lehtonen            

Extra Forwards
Normal : Patrice Bergeron, Valtteri Filppula, Tomas Hertl - PP : Tomas Hertl, Tomas Plekanec - PK : Evander Kane
Extra Defensemen
Normal : Roman Josi, Trevor Daley, Dennis Seidenberg - PP : Nick Schultz - PK : Nick Schultz, Brian Lashoff
Penalty Shots
Patrice Bergeron, Eric Fehr, Pascal Dupuis, Valtteri Filppula, Tomas Hertl

% Time on Ice - Wild

Lines # - Real PCT - Wanted PCT - Time Play
Normal Forward
1 - 32% - 35% - 15:04
2 - 28% - 30% - 12:59
3 - 21% - 22% - 9:52
4 - 19% - 13% - 8:56
Normal Defense
1 - 38% - 35% - 17:49
2 - 29% - 30% - 13:36
3 - 23% - 22% - 10:45
4 - 10% - 13% - 4:41
PP Forward
1 - 54% - 60% - 4:19
2 - 46% - 40% - 3:37
PP Defense
1 - 52% - 60% - 4:09
2 - 48% - 40% - 3:47
PK Forward
1 - 92% - 60% - 4:49
2 - 8% - 40% - 0:24
PK Defense
1 - 72% - 60% - 3:46
2 - 28% - 40% - 1:27
PK3 Forward
1 - 0% - 60%
2 - 0% - 40%
PK3 Defense
1 - 0% - 60%
2 - 0% - 40%
44 Forward
1 - 0% - 60%
2 - 0% - 40%
44 Defense
1 - 0% - 60%
2 - 0% - 40%
Last Minute Offensive  - 0:00
Last Minute Defensive  - 0:00
Total
Forward - 60:00
Defense - 60:00

% Time on Ice - Predators

Lines # - Real PCT - Wanted PCT - Time Play
Normal Forward
1 - 25% - 28% - 11:50
2 - 26% - 28% - 12:06
3 - 27% - 28% - 12:51
4 - 21% - 16% - 10:04
Normal Defense
1 - 26% - 28% - 12:18
2 - 35% - 28% - 16:22
3 - 26% - 28% - 12:12
4 - 13% - 16% - 5:59
PP Forward
1 - 48% - 50% - 2:30
2 - 52% - 50% - 2:43
PP Defense
1 - 76% - 70% - 3:59
2 - 24% - 30% - 1:14
PK Forward
1 - 51% - 50% - 4:01
2 - 49% - 50% - 3:55
PK Defense
1 - 37% - 50% - 2:57
2 - 63% - 50% - 4:59
PK3 Forward
1 - 0% - 50%
2 - 0% - 50%
PK3 Defense
1 - 0% - 50%
2 - 0% - 50%
44 Forward
1 - 0% - 50%
2 - 0% - 50%
44 Defense
1 - 0% - 50%
2 - 0% - 50%
Last Minute Offensive  - 0:00
Last Minute Defensive  - 0:00
Total
Forward - 60:00
Defense - 60:00

Play by Play

1st period


0:01 of 1st period - Derek Stepan wins face-off versus Patrice Bergeron in neutral zone.
0:04 of 1st period - Snap shot by Thomas Vanek.
0:04 of 1st period - Shot Misses the Net.
0:06 of 1st period - Slapshot by Dan Boyle.
0:06 of 1st period - Shot Misses the Net.
0:08 of 1st period - Snap shot by Bryce Salvador.
0:08 of 1st period - Deflect By Jordan Eberle.
0:08 of 1st period - Shot Misses the Net.
0:08 of 1st period - Puck is out of play.
0:09 of 1st period - Patrice Bergeron wins face-off versus Derek Stepan in Predators zone.
0:32 of 1st period - Wrist shot by Jordan Eberle.
0:32 of 1st period - Stopped by Chad Johnson with a rebound.
0:34 of 1st period - Wrist shot by Derek Stepan.
0:34 of 1st period - Shot Misses the Net.
0:36 of 1st period - Snap shot by Jordan Eberle.
0:36 of 1st period - Shot Blocked by Roman Josi.
0:38 of 1st period - Slapshot by Bryce Salvador.
0:38 of 1st period - Shot Blocked by Nick Schultz.
0:46 of 1st period - Snap shot by Derek Stepan.
0:46 of 1st period - Shot Misses the Net.
1:28 of 1st period - Wrist shot by Tomas Plekanec.
1:28 of 1st period - Deflect By Dan Boyle.
1:28 of 1st period - Shot Misses the Net.
1:28 of 1st period - Puck is out of play.
1:29 of 1st period - Antoine Vermette wins face-off versus Maxime Talbot in Wild zone.
1:43 of 1st period - Minor Penalty to Cal Clutterbuck for Tripping.
1:44 of 1st period - Tomas Plekanec wins face-off versus Derek Stepan in Predators zone.
1:44 of 1st period - Tomas Plekanec is hit by Bryce Salvador.
2:08 of 1st period - Wrist shot by Derek Stepan.
2:08 of 1st period - Stopped by Chad Johnson with a rebound.
2:34 of 1st period - Roman Josi is hit by Daniel Alfredsson and loses puck.
3:10 of 1st period - Nick Schultz is hit by Cody Franson and loses puck.
3:43 of 1st period - Penalty to Cal Clutterbuck is over, Cal Clutterbuck is back on ice.
4:27 of 1st period - Snap shot by Chris Neil.
4:27 of 1st period - Stopped by Chad Johnson with a rebound.
6:21 of 1st period - Shane O'Brien is hit by Dennis Seidenberg and loses puck.
6:30 of 1st period - Snap shot by Antoine Vermette.
6:30 of 1st period - Shot Blocked by Maxime Talbot.
6:34 of 1st period - Snap shot by Tomas Hertl.
6:34 of 1st period - Shot Blocked by Shane O'Brien.
6:36 of 1st period - Slapshot by Roman Josi.
6:36 of 1st period - Shot Misses the Net.
6:42 of 1st period - Wrist shot by Tomas Hertl.
6:42 of 1st period - Stopped by Antti Niemi with a rebound.
7:12 of 1st period - Wrist shot by Evander Kane.
7:12 of 1st period - Goal by Evander Kane - Wild : 0 - Predators : 1.
7:13 of 1st period - Derek Stepan wins face-off versus Tomas Plekanec in neutral zone.
7:16 of 1st period - Snap shot by Jordan Eberle.
7:16 of 1st period - Deflect By Derek Stepan.
7:16 of 1st period - Shot Misses the Net.
7:16 of 1st period - Puck is out of play.
7:17 of 1st period - Derek Stepan wins face-off versus Tomas Plekanec in Predators zone.
7:18 of 1st period - Wrist shot by Thomas Vanek.
7:18 of 1st period - Deflect By Derek Stepan.
7:18 of 1st period - Shot Misses the Net.
7:18 of 1st period - Puck is out of play.
7:19 of 1st period - Tomas Plekanec wins face-off versus Derek Stepan in Predators zone.
7:19 of 1st period - Tomas Plekanec is hit by Derek Stepan.
7:40 of 1st period - Minor Penalty to Evander Kane for Holding.
7:41 of 1st period - Jordan Eberle wins face-off versus Antoine Vermette in Predators zone.
8:03 of 1st period - Slapshot by Thomas Vanek.
8:03 of 1st period - Stopped by Chad Johnson with a rebound.
8:05 of 1st period - Slapshot by Bryce Salvador.
8:05 of 1st period - Shot Blocked by Nick Schultz.
8:07 of 1st period - Slapshot by Bryce Salvador.
8:07 of 1st period - Shot Blocked by Dennis Seidenberg.
8:09 of 1st period - Slapshot by Bryce Salvador.
8:09 of 1st period - Shot Misses the Net.
8:31 of 1st period - Dennis Seidenberg is hit by Marek Zidlicky and loses puck.
8:58 of 1st period - Slapshot by Dan Boyle.
8:58 of 1st period - Shot Blocked by Cal Clutterbuck.
9:40 of 1st period - Penalty to Evander Kane is over, Evander Kane is back on ice.
10:17 of 1st period - Snap shot by Jerred Smithson.
10:17 of 1st period - Shot Misses the Net.
10:25 of 1st period - Minor Penalty to Chris Neil for Roughing.
10:26 of 1st period - Alexandre Burrows wins face-off versus Antoine Vermette in Wild zone.
11:01 of 1st period - Alexandre Burrows is hit by Andrew Cogliano and loses puck.
11:08 of 1st period - Trevor Daley is hit by Drew Miller and loses puck.
12:25 of 1st period - Penalty to Chris Neil is over, Chris Neil is back on ice.
12:45 of 1st period - Bryce Salvador is hit by Patrick Maroon and loses puck.
13:38 of 1st period - Snap shot by Tomas Hertl.
13:38 of 1st period - Shot Misses the Net.
13:40 of 1st period - Snap shot by Antoine Vermette.
13:40 of 1st period - Stopped by Antti Niemi with a rebound.
13:42 of 1st period - Backhand shot by Antoine Vermette.
13:42 of 1st period - Stopped by Antti Niemi with a rebound.
13:59 of 1st period - Snap shot by Valtteri Filppula.
13:59 of 1st period - Stopped by Antti Niemi with a rebound.
14:01 of 1st period - Slapshot by Nick Schultz.
14:01 of 1st period - Stopped by Antti Niemi with a rebound.
15:42 of 1st period - Minor Penalty to Bryce Salvador for Roughing.
15:43 of 1st period - Patrice Bergeron wins face-off versus Maxime Talbot in Wild zone.
15:56 of 1st period - Wrist shot by Evander Kane.
15:56 of 1st period - Shot Misses the Net.
16:34 of 1st period - Slapshot by Patrice Bergeron.
16:34 of 1st period - Shot Blocked by Drew Miller.
16:36 of 1st period - Slapshot by Trevor Daley.
16:36 of 1st period - Stopped by Antti Niemi without a rebound.
16:37 of 1st period - Patrice Bergeron wins face-off versus Brad Marchand in Wild zone.
16:42 of 1st period - Snap shot by Evander Kane.
16:42 of 1st period - Goal by Evander Kane - Wild : 0 - Predators : 2.
16:43 of 1st period - Cody Eakin wins face-off versus Jordan Eberle in neutral zone.
16:50 of 1st period - Wrist shot by Cody Eakin.
16:50 of 1st period - Shot Misses the Net.
16:52 of 1st period - Slapshot by Brian Lashoff.
16:52 of 1st period - Stopped by Antti Niemi with a rebound.
17:00 of 1st period - Wrist shot by Thomas Vanek.
17:00 of 1st period - Stopped by Chad Johnson without a rebound.
17:01 of 1st period - Cody Eakin wins face-off versus Derek Stepan in Predators zone.
17:26 of 1st period - Wrist shot by Thomas Vanek.
17:26 of 1st period - Stopped by Chad Johnson with a rebound.
17:28 of 1st period - Slapshot by Thomas Vanek.
17:28 of 1st period - Goal by Thomas Vanek - Wild : 1 - Predators : 2.
17:29 of 1st period - Cal Clutterbuck wins face-off versus Maxime Talbot in neutral zone.
17:36 of 1st period - Wrist shot by Tomas Hertl.
17:36 of 1st period - Shot Blocked by Maxime Talbot.
17:38 of 1st period - Slapshot by Roman Josi.
17:38 of 1st period - Deflect By Tomas Hertl.
17:38 of 1st period - Shot Misses the Net.
17:38 of 1st period - Puck is out of play.
17:39 of 1st period - Antoine Vermette wins face-off versus Maxime Talbot in Wild zone.
18:02 of 1st period - Slapshot by Tomas Hertl.
18:02 of 1st period - Stopped by Antti Niemi with a rebound.
18:36 of 1st period - Cody Franson is hit by Valtteri Filppula and loses puck.
18:47 of 1st period - Snap shot by Valtteri Filppula.
18:47 of 1st period - Stopped by Antti Niemi without a rebound.
18:48 of 1st period - Derek Stepan wins face-off versus Tomas Plekanec in Wild zone.
19:03 of 1st period - Snap shot by Tomas Plekanec.
19:03 of 1st period - Stopped by Antti Niemi with a rebound.
19:41 of 1st period - Bryce Salvador is hit by Patrick Maroon and loses puck.
Goals for this period are 1 for Wild vs 2 for Predators.
Shots for this period are 7 for Wild vs 12 for Predators.

2nd period


0:01 of 2nd period - Antoine Vermette wins face-off versus Jason Chimera in neutral zone.
0:14 of 2nd period - Wrist shot by Tomas Hertl.
0:14 of 2nd period - Shot Misses the Net.
0:16 of 2nd period - Wrist shot by Roman Josi.
0:16 of 2nd period - Stopped by Antti Niemi with a rebound.
0:18 of 2nd period - Slapshot by Cal Clutterbuck.
0:18 of 2nd period - Deflect By Tomas Hertl.
0:18 of 2nd period - Shot Misses the Net.
0:18 of 2nd period - Puck is out of play.
0:19 of 2nd period - Antoine Vermette wins face-off versus Alexandre Burrows in Wild zone.
0:47 of 2nd period - Snap shot by Tomas Hertl.
0:47 of 2nd period - Shot Misses the Net.
1:07 of 2nd period - Backhand shot by Thomas Vanek.
1:07 of 2nd period - Shot Blocked by Roman Josi.
1:17 of 2nd period - Wrist shot by Jordan Eberle.
1:17 of 2nd period - Stopped by Chad Johnson with a rebound.
1:41 of 2nd period - Minor Penalty to Nick Schultz for Tripping.
1:42 of 2nd period - Antoine Vermette wins face-off versus Maxime Talbot in Predators zone.
1:42 of 2nd period - Antoine Vermette is hit by Brad Marchand.
2:06 of 2nd period - Wrist shot by Daniel Alfredsson.
2:06 of 2nd period - Shot Blocked by Antoine Vermette.
2:08 of 2nd period - Snap shot by Daniel Alfredsson.
2:08 of 2nd period - Stopped by Chad Johnson without a rebound.
2:09 of 2nd period - Derek Stepan wins face-off versus Cal Clutterbuck in Predators zone.
2:16 of 2nd period - Slapshot by Jordan Eberle.
2:16 of 2nd period - Stopped by Chad Johnson with a rebound.
2:18 of 2nd period - Wrist shot by Thomas Vanek.
2:18 of 2nd period - Stopped by Chad Johnson without a rebound.
2:19 of 2nd period - Derek Stepan wins face-off versus Cal Clutterbuck in Predators zone.
3:14 of 2nd period - Snap shot by Daniel Alfredsson.
3:14 of 2nd period - Stopped by Chad Johnson with a rebound.
3:29 of 2nd period - Snap shot by Bryce Salvador.
3:29 of 2nd period - Shot Misses the Net.
3:41 of 2nd period - Penalty to Nick Schultz is over, Nick Schultz is back on ice.
4:09 of 2nd period - Victor Bartley is hit by Bryce Salvador and loses puck.
5:00 of 2nd period - Snap shot by Cody Eakin.
5:00 of 2nd period - Shot Misses the Net.
5:02 of 2nd period - Slapshot by Roman Josi.
5:02 of 2nd period - Shot Misses the Net.
5:47 of 2nd period - Slapshot by Trevor Daley.
5:47 of 2nd period - Stopped by Antti Niemi with a rebound.
5:49 of 2nd period - Backhand shot by Victor Bartley.
5:49 of 2nd period - Deflect By Tomas Hertl.
5:49 of 2nd period - Shot Blocked by Bryce Salvador.
5:49 of 2nd period - Puck is out of play.
5:50 of 2nd period - Tomas Plekanec wins face-off versus Alexandre Burrows in Wild zone.
6:13 of 2nd period - Icing by Tomas Plekanec.
6:14 of 2nd period - Tomas Plekanec wins face-off versus Thomas Vanek in Predators zone.
6:51 of 2nd period - Backhand shot by Thomas Vanek.
6:51 of 2nd period - Stopped by Chad Johnson with a rebound.
7:29 of 2nd period - Brad Marchand is hit by Brian Lashoff and loses puck.
7:54 of 2nd period - Bryce Salvador is hit by Tomas Hertl and loses puck.
8:07 of 2nd period - Trevor Daley is hit by Alexandre Burrows and loses puck.
8:34 of 2nd period - Chris Summers is hit by Patrick Maroon and loses puck.
9:06 of 2nd period - Snap shot by Tomas Plekanec.
9:06 of 2nd period - Shot Misses the Net.
9:44 of 2nd period - Brian Lashoff is hit by Tuomo Ruutu and loses puck.
10:05 of 2nd period - Snap shot by Jason Chimera.
10:05 of 2nd period - Stopped by Chad Johnson without a rebound.
10:06 of 2nd period - Alexandre Burrows wins face-off versus Antoine Vermette in Predators zone.
10:09 of 2nd period - Snap shot by Jason Chimera.
10:09 of 2nd period - Shot Misses the Net.
10:11 of 2nd period - Backhand shot by Alexandre Burrows.
10:11 of 2nd period - Shot Blocked by Trevor Daley.
10:13 of 2nd period - Slapshot by Dan Boyle.
10:13 of 2nd period - Deflect By Daniel Alfredsson.
10:13 of 2nd period - Stopped by Chad Johnson with a rebound.
10:18 of 2nd period - Minor Penalty to Trevor Daley for Slashing.
10:19 of 2nd period - Tomas Plekanec wins face-off versus Jordan Eberle in Predators zone.
10:59 of 2nd period - Andrew Cogliano is hit by Cody Franson and loses puck.
11:04 of 2nd period - Snap shot by Daniel Alfredsson.
11:04 of 2nd period - Shot Misses the Net.
11:06 of 2nd period - Wrist shot by Maxime Talbot.
11:06 of 2nd period - Shot Misses the Net.
11:08 of 2nd period - Snap shot by Daniel Alfredsson.
11:08 of 2nd period - Deflect By Maxime Talbot.
11:08 of 2nd period - Shot Misses the Net.
11:08 of 2nd period - Puck is out of play.
11:09 of 2nd period - Antoine Vermette wins face-off versus Maxime Talbot in Predators zone.
11:26 of 2nd period - Snap shot by Daniel Alfredsson.
11:26 of 2nd period - Stopped by Chad Johnson with a rebound.
11:41 of 2nd period - Cal Clutterbuck is hit by Derek Stepan.
12:18 of 2nd period - Penalty to Trevor Daley is over, Trevor Daley is back on ice.
12:54 of 2nd period - Wrist shot by Valtteri Filppula.
12:54 of 2nd period - Shot Blocked by Chris Neil.
12:56 of 2nd period - Slapshot by Trevor Daley.
12:56 of 2nd period - Deflect By Valtteri Filppula.
12:56 of 2nd period - Stopped by Antti Niemi without a rebound.
12:57 of 2nd period - Cody Eakin wins face-off versus Alexandre Burrows in Wild zone.
13:35 of 2nd period - Chris Summers is hit by Patrick Maroon.
14:51 of 2nd period - Snap shot by Patrice Bergeron.
14:51 of 2nd period - Stopped by Antti Niemi with a rebound.
15:05 of 2nd period - Minor Penalty to Bryce Salvador for Tripping.
15:06 of 2nd period - Maxime Talbot wins face-off versus Patrice Bergeron in Wild zone.
15:06 of 2nd period - Maxime Talbot is hit by Patrice Bergeron.
15:18 of 2nd period - Snap shot by Patrice Bergeron.
15:18 of 2nd period - Shot Misses the Net.
15:20 of 2nd period - Snap shot by Andrew Cogliano.
15:20 of 2nd period - Goal by Andrew Cogliano - Wild : 1 - Predators : 3.
15:21 of 2nd period - Derek Stepan wins face-off versus Tomas Plekanec in neutral zone.
15:28 of 2nd period - Evander Kane is hit by Bryce Salvador and loses puck.
15:54 of 2nd period - Wrist shot by Thomas Vanek.
15:54 of 2nd period - Stopped by Chad Johnson with a rebound.
16:36 of 2nd period - Slapshot by Daniel Alfredsson.
16:36 of 2nd period - Stopped by Chad Johnson without a rebound.
16:37 of 2nd period - Antoine Vermette wins face-off versus Jerred Smithson in Predators zone.
16:48 of 2nd period - Slapshot by Tomas Hertl.
16:48 of 2nd period - Shot Misses the Net.
16:50 of 2nd period - Wrist shot by Roman Josi.
16:50 of 2nd period - Stopped by Antti Niemi with a rebound.
16:52 of 2nd period - Slapshot by Roman Josi.
16:52 of 2nd period - Shot Misses the Net.
16:54 of 2nd period - Slapshot by Nick Schultz.
16:54 of 2nd period - Shot Blocked by Chris Summers.
16:56 of 2nd period - Slapshot by Roman Josi.
16:56 of 2nd period - Shot Misses the Net.
16:58 of 2nd period - Snap shot by Cal Clutterbuck.
16:58 of 2nd period - Deflect By Chris Summers.
16:58 of 2nd period - Shot Blocked by Chris Neil.
16:58 of 2nd period - Puck is out of play.
16:59 of 2nd period - Patrice Bergeron wins face-off versus Maxime Talbot in Wild zone.
17:12 of 2nd period - Wrist shot by Patrice Bergeron.
17:12 of 2nd period - Shot Misses the Net.
17:14 of 2nd period - Snap shot by Valtteri Filppula.
17:14 of 2nd period - Shot Blocked by Cody Franson.
18:06 of 2nd period - Roman Josi is hit by Cody Franson and loses puck.
18:20 of 2nd period - Off-side.
18:21 of 2nd period - Cody Eakin wins face-off versus Alexandre Burrows in neutral zone.
18:40 of 2nd period - Slapshot by Dan Boyle.
18:40 of 2nd period - Shot Misses the Net.
18:42 of 2nd period - Snap shot by Daniel Alfredsson.
18:42 of 2nd period - Deflect By Jason Chimera.
18:42 of 2nd period - Stopped by Chad Johnson without a rebound.
18:43 of 2nd period - Jerred Smithson wins face-off versus Tomas Plekanec in Predators zone.
19:37 of 2nd period - Antoine Vermette is hit by Shane O'Brien and loses puck.
Goals for this period are 0 for Wild vs 1 for Predators.
Shots for this period are 12 for Wild vs 6 for Predators.

3rd period


0:01 of 3rd period - Alexandre Burrows wins face-off versus Antoine Vermette in neutral zone.
0:04 of 3rd period - Slapshot by Marek Zidlicky.
0:04 of 3rd period - Shot Misses the Net.
0:29 of 3rd period - Alexandre Burrows is hit by Tomas Hertl.
1:08 of 3rd period - Wrist shot by Thomas Vanek.
1:08 of 3rd period - Shot Blocked by Roman Josi.
1:15 of 3rd period - Off-side.
1:16 of 3rd period - Patrice Bergeron wins face-off versus Maxime Talbot in neutral zone.
2:11 of 3rd period - Wrist shot by Dan Boyle.
2:11 of 3rd period - Deflect By Brian Lashoff.
2:11 of 3rd period - Stopped by Chad Johnson with a rebound.
2:17 of 3rd period - Jerred Smithson is hit by Brian Lashoff and loses puck.
2:30 of 3rd period - Wrist shot by Patrick Maroon.
2:30 of 3rd period - Stopped by Antti Niemi with a rebound.
2:32 of 3rd period - Backhand shot by Nick Schultz.
2:32 of 3rd period - Shot Blocked by Bryce Salvador.
2:34 of 3rd period - Wrist shot by Cody Eakin.
2:34 of 3rd period - Shot Misses the Net.
3:23 of 3rd period - Wrist shot by Derek Stepan.
3:23 of 3rd period - Deflect By Trevor Daley.
3:23 of 3rd period - Stopped by Chad Johnson with a rebound.
3:35 of 3rd period - Jordan Eberle is hit by Victor Bartley and loses puck.
4:04 of 3rd period - Wrist shot by Andrew Cogliano.
4:04 of 3rd period - Shot Blocked by Jordan Eberle.
4:06 of 3rd period - Slapshot by Brian Lashoff.
4:06 of 3rd period - Stopped by Antti Niemi with a rebound.
4:24 of 3rd period - Slapshot by Patrice Bergeron.
4:24 of 3rd period - Deflect By Valtteri Filppula.
4:24 of 3rd period - Shot Misses the Net.
4:24 of 3rd period - Puck is out of play.
4:25 of 3rd period - Patrice Bergeron wins face-off versus Alexandre Burrows in Wild zone.
4:36 of 3rd period - Slapshot by Valtteri Filppula.
4:36 of 3rd period - Stopped by Antti Niemi without a rebound.
4:37 of 3rd period - Cody Eakin wins face-off versus Alexandre Burrows in Wild zone.
4:51 of 3rd period - Slapshot by Cody Eakin.
4:51 of 3rd period - Shot Blocked by Dan Boyle.
4:53 of 3rd period - Wrist shot by Eric Fehr.
4:53 of 3rd period - Shot Blocked by Dan Boyle.
4:55 of 3rd period - Backhand shot by Victor Bartley.
4:55 of 3rd period - Stopped by Antti Niemi without a rebound.
4:56 of 3rd period - Cody Eakin wins face-off versus Maxime Talbot in Wild zone.
5:29 of 3rd period - Wrist shot by Maxime Talbot.
5:29 of 3rd period - Shot Misses the Net.
6:06 of 3rd period - Backhand shot by Tomas Hertl.
6:06 of 3rd period - Deflect By Antoine Vermette.
6:06 of 3rd period - Shot Misses the Net.
6:06 of 3rd period - Puck is out of play.
6:07 of 3rd period - Tomas Plekanec wins face-off versus Chris Neil in Wild zone.
7:26 of 3rd period - Wrist shot by Patrice Bergeron.
7:26 of 3rd period - Shot Misses the Net.
7:47 of 3rd period - Wrist shot by Jason Chimera.
7:47 of 3rd period - Stopped by Chad Johnson without a rebound.
7:48 of 3rd period - Antoine Vermette wins face-off versus Alexandre Burrows in Predators zone.
7:53 of 3rd period - Bryce Salvador is hit by Roman Josi and loses puck.
8:12 of 3rd period - Snap shot by Daniel Alfredsson.
8:12 of 3rd period - Stopped by Chad Johnson with a rebound.
8:34 of 3rd period - Wrist shot by Thomas Vanek.
8:34 of 3rd period - Shot Misses the Net.
8:36 of 3rd period - Slapshot by Bryce Salvador.
8:36 of 3rd period - Deflect By Thomas Vanek.
8:36 of 3rd period - Shot Misses the Net.
8:36 of 3rd period - Puck is out of play.
8:37 of 3rd period - Tomas Plekanec wins face-off versus Derek Stepan in Predators zone.
8:46 of 3rd period - Wrist shot by Evander Kane.
8:46 of 3rd period - Stopped by Antti Niemi without a rebound.
8:47 of 3rd period - Tomas Plekanec wins face-off versus Maxime Talbot in Wild zone.
8:56 of 3rd period - Wrist shot by Tuomo Ruutu.
8:56 of 3rd period - Deflect By Tomas Plekanec.
8:56 of 3rd period - Stopped by Chad Johnson without a rebound.
8:57 of 3rd period - Tomas Plekanec wins face-off versus Maxime Talbot in Predators zone.
9:26 of 3rd period - Wrist shot by Brad Marchand.
9:26 of 3rd period - Stopped by Chad Johnson without a rebound.
9:27 of 3rd period - Patrice Bergeron wins face-off versus Derek Stepan in Predators zone.
9:38 of 3rd period - Wrist shot by Valtteri Filppula.
9:38 of 3rd period - Stopped by Antti Niemi with a rebound.
9:50 of 3rd period - Snap shot by Thomas Vanek.
9:50 of 3rd period - Shot Misses the Net.
9:52 of 3rd period - Slapshot by Bryce Salvador.
9:52 of 3rd period - Shot Blocked by Roman Josi.
10:28 of 3rd period - Antoine Vermette is hit by Jason Chimera and loses puck.
10:32 of 3rd period - Icing by Dennis Seidenberg.
10:33 of 3rd period - Antoine Vermette wins face-off versus Maxime Talbot in Predators zone.
12:04 of 3rd period - Wrist shot by Daniel Alfredsson.
12:04 of 3rd period - Stopped by Chad Johnson without a rebound.
12:05 of 3rd period - Cody Eakin wins face-off versus Derek Stepan in Predators zone.
12:10 of 3rd period - Snap shot by Roman Josi.
12:10 of 3rd period - Stopped by Antti Niemi with a rebound.
13:02 of 3rd period - Brian Lashoff is hit by Chris Neil and loses puck.
13:19 of 3rd period - Snap shot by Patrice Bergeron.
13:19 of 3rd period - Stopped by Antti Niemi without a rebound.
13:20 of 3rd period - Antoine Vermette wins face-off versus Alexandre Burrows in Wild zone.
13:25 of 3rd period - Slapshot by Tomas Hertl.
13:25 of 3rd period - Deflect By Cal Clutterbuck.
13:25 of 3rd period - Deflect By Alexandre Burrows.
13:25 of 3rd period - Shot Misses the Net.
13:25 of 3rd period - Puck is out of play.
13:26 of 3rd period - Antoine Vermette wins face-off versus Alexandre Burrows in Wild zone.
13:27 of 3rd period - Snap shot by Tomas Hertl.
13:27 of 3rd period - Stopped by Antti Niemi without a rebound.
13:28 of 3rd period - Antoine Vermette wins face-off versus Alexandre Burrows in Wild zone.
13:51 of 3rd period - Wrist shot by Antoine Vermette.
13:51 of 3rd period - Stopped by Antti Niemi without a rebound.
13:52 of 3rd period - Tomas Plekanec wins face-off versus Derek Stepan in Wild zone.
14:01 of 3rd period - Trevor Daley is hit by Cody Franson and loses puck.
14:08 of 3rd period - Snap shot by Jordan Eberle.
14:08 of 3rd period - Shot Misses the Net.
14:18 of 3rd period - Snap shot by Andrew Cogliano.
14:18 of 3rd period - Shot Hit the Post.
14:24 of 3rd period - Cody Franson is hit by Evander Kane and loses puck.
14:31 of 3rd period - Roman Josi is hit by Thomas Vanek and loses puck.
14:59 of 3rd period - Slapshot by Dan Boyle.
14:59 of 3rd period - Stopped by Chad Johnson with a rebound.
15:23 of 3rd period - Wrist shot by Valtteri Filppula.
15:23 of 3rd period - Shot Misses the Net.
16:19 of 3rd period - Slapshot by Tomas Hertl.
16:19 of 3rd period - Shot Blocked by Alexandre Burrows.
16:45 of 3rd period - Wrist shot by Drew Miller.
16:45 of 3rd period - Shot Blocked by Eric Fehr.
16:58 of 3rd period - Minor Penalty to Chris Neil for Charging.
16:59 of 3rd period - Antoine Vermette wins face-off versus Maxime Talbot in Wild zone.
17:40 of 3rd period - Drew Miller is hit by Andrew Cogliano and loses puck.
18:18 of 3rd period - Icing by Pascal Dupuis.
18:19 of 3rd period - Antoine Vermette wins face-off versus Maxime Talbot in Predators zone.
18:52 of 3rd period - Snap shot by Andrew Cogliano.
18:52 of 3rd period - Shot Blocked by Maxime Talbot.
18:58 of 3rd period - Penalty to Chris Neil is over, Chris Neil is back on ice.
19:10 of 3rd period - Derek Stepan is hit by Pascal Dupuis and loses puck.
19:11 of 3rd period - Derek Stepan from Wild is injured at 19:11 of 3rd period (Left Hip).
19:12 of 3rd period - Brad Marchand wins face-off versus Antoine Vermette in Wild zone.
19:39 of 3rd period - Wrist shot by Jordan Eberle.
19:39 of 3rd period - Shot Misses the Net.
Goals for this period are 0 for Wild vs 0 for Predators.
Shots for this period are 8 for Wild vs 10 for Predators.


Output by the SimonT Hockey Simulator (STHS) for Eric Dolegowski -- Original Page W3C XHTML 1.0 Valid
Hockey Simulator - Hockey Simulation - Hockey Manager